 Dungeon Crawl Stone Soup version 0.31-a0-640-g39d97e502b (webtiles) character file.

Game seed: 1978603842316351049

298 GordonOverkill the Sneak (level 6, 0/32 HPs)
             Began as a Vine Stalker Delver on Aug 28, 2023.
             Slain by Maggie
             ... wielding a +3 halberd of venom
              (3 damage)
             ... on level 7 of the Dungeon.
             The game lasted 00:04:20 (577 turns).

GordonOverkill the Sneak (Vine Stalker Delver)       Turns: 577, Time: 00:04:21

Health: 0/32       AC:  6    Str: 17    XL:     6   Next: 35%
Magic:  0/7        EV:  5    Int: 10    God:
Gold:   37         SH:  0    Dex: 18    Spells: 5/5 levels left

rFire   . . .        j - +9 halberd "Tegyo" {flame, rPois Dex+3}
rCold   . . .        (shield currently unavailable)
rNeg    . . .        b - +0 plate armour
rPois   +            (no helmet)
rElec   .            (no cloak)
rCorr   .            (no gloves)
SInv    .            (no boots)
Will    .....        (no amulet) Stlth
                     (no ring)
HPRegen 1.05/turn    (no ring)
MPRegen 0.10/turn

%: guardian spirit
@: lethally poisoned (0 -> -2), corroded, mesmerised
A: fangs 2, regeneration 1, magic shield, antimagic bite, no potion heal 2
a: no special abilities


You were on level 7 of the Dungeon.
You visited 1 branch of the dungeon, and saw 3 of its levels.
You also visited: Bailey.

You collected 37 gold pieces.

Inventory:

Hand Weapons
 a - a +0 spear
 j - the +9 halberd "Tegyo" (weapon) {flame, rPois Dex+3}
   (You found it on level 7 of the Dungeon)

   Dex+3:     It affects your dexterity (+3).
   rPois:     It protects you from poison
Missiles
 k - 3 throwing nets
Armour
 b - a +0 plate armour (worn)
Wands
 g - a wand of digging (3)
 i - a wand of acid (12)
Scrolls
 c - 2 scrolls of fog
 d - a scroll of revelation
Potions
 f - a potion of haste
 h - a potion of degeneration {unknown}


   Skills:
 - Level 3.0 Fighting
 + Level 3.7 Polearms
 - Level 2.0 Dodging
 - Level 6.0 Stealth
 - Level 4.0 Evocations


You had 5 spell levels left.
You didn't know any spells.
Your spell library was empty.

Dungeon Overview and Level Annotations

Branches:
Dungeon (7/15)             Bailey (visited)
 Temple: D:4-7

Altars:

Shops:
D:7 (

Annotations:
D:6 exclusions: downstairs and orc priest
D:7 Maggie


Innate Abilities, Weirdness & Mutations

You have extremely sharp teeth.
Your natural rate of healing is unusually fast.
When hurt, damage is shared between your health and your magic reserves.
Your bite disrupts and absorbs the magic of your enemies.
Potions cannot restore your health.


Message History

Maggie gestures wildly while chanting.
Maggie attempts to bespell you! You resist with some effort.
Your Polearms skill increases to level 3!
You have reached level 6!
You slash the white imp! You burn the white imp.
You kill the white imp!
Maggie gestures wildly while chanting.
Maggie attempts to bespell you!
You are mesmerised by Maggie!
You cannot move away from Maggie!
You cannot move away from Maggie!
Maggie says, "Leave now, and tell all of Margery's mercy!"
Maggie says, "Leave now, and tell all of Margery's mercy!"
Maggie zaps a wand.
The bolt of acid hits you!
* * * LOW HITPOINT WARNING * * *
The acid corrodes you!
Maggie hits you with a +3 halberd of venom.
* * * LOW HITPOINT WARNING * * *
You hit Maggie. You burn Maggie. You bite Maggie.
Maggie's magic leaks into the air.
You drain her magic.
You feel invigorated.
Maggie is lightly wounded.
Maggie hits you with a +3 halberd of venom!
* * * LOW HITPOINT WARNING * * *
You are poisoned.
You puncture Maggie! You burn Maggie.
Maggie is moderately wounded.
* * * LOW HITPOINT WARNING * * *
You feel very sick.
Maggie's magic is no longer disrupted.
Maggie zaps a wand.
The bolt of acid hits you.
* * * LOW HITPOINT WARNING * * *
Maggie casts a spell.
Maggie draws you further into her thrall.
You closely miss Maggie. You bite Maggie, but do no damage.
Maggie is moderately wounded.
* * * LOW HITPOINT WARNING * * *
You feel very sick.
Maggie mumbles the words to a spell, but in the wrong order.
Maggie hits you with a +3 halberd of venom!
You die...

#......##
###.##..####
#.###....# ##
#.######.## .#
#...## #..###.#
###..# #......#
###
##.###......##....
#..##..)∩)....#
#..###@.)..#..#
###.## #.@...#
.... #...# ##.##.#
... #<### ###.# .#
#...# ##.).# .#
#(.# #.### #.∩###
.#
#..###.........##
.# ...............
........[......


You could see Maggie (mesmerising).

Vanquished Creatures
  An orc warrior (D:7)
  A gnoll sergeant (Bailey)
  2 hounds (Bailey)
  8 gnolls (Bailey)
  A white imp (D:7)
13 creatures vanquished.

Notes
Turn   | Place    | Note
-------+----------+-------------------------------------------
     0 | D:5      | GordonOverkill the Vine Stalker Delver began the quest for
                  | the Orb.
     0 | D:5      | Reached XP level 1. HP: 11/11 MP: 2/2
     3 | D:6      | Noticed an orc wizard
    13 | D:7      | Noticed a black bear
    13 | D:7      | Noticed Maggie
   137 | D:6      | Noticed an orc priest
   226 | D:7      | Found a flagged portal.
   230 | D:7      | Identified the +9 halberd "Tegyo" {flame, rPois Dex+3}
   235 | Bailey   | Entered a bailey
   235 | Bailey   | Noticed a hound
   235 | Bailey   | Noticed a hound
   241 | Bailey   | Killed a hound
   242 | Bailey   | Reached skill level 1 in Evocations
   242 | Bailey   | Reached XP level 2. HP: 16/16 MP: 3/3
   242 | Bailey   | Reached XP level 3. HP: 20/20 MP: 4/4
   245 | Bailey   | Gained mutation: Your natural rate of healing is unusually
                  | fast. [Vine Stalker growth]
   245 | Bailey   | Reached XP level 4. HP: 24/24 MP: 5/5
   355 | Bailey   | Noticed a gnoll sergeant
   381 | Bailey   | Killed a gnoll sergeant
   382 | Bailey   | Reached XP level 5. HP: 25/28 MP: 3/6
   543 | D:7      | Found Cealiesk's Weapon Shop.
   551 | D:7      | Noticed an orc warrior
   562 | D:7      | Killed an orc warrior
   563 | D:7      | Reached XP level 6. HP: 16/32 MP: 3/7
   577 | D:7      | Slain by Maggie

Illustrated notes

Levels and vault maps discovered:
D:5:      cheibrodos_two_vegetables, layout_loops_ring,
          minmay_temple_entry_tees, serial_demonic, serial_demonic_a,
          serial_demonic_b, serial_demonic_a, serial_demonic_c,
          cheibrodos_sewer_entry_drain
D:6:      layout_basic, grunt_temple_overflow_growth_and_decay
D:7:      layout_rooms, mainiacjoe_overflow_small_starburst,
          mainiacjoe_overflow_six_doors_small, serial_shops, shop,
          enter_bailey_2, minmay_joined_circles, uniq_duvessa, uniq_maggie

Skill      XL: |  1  2  3  4  5 |
---------------+----------------+-----
Fighting       | 3 |  3.0
Polearms       | 2 3 |  3.7
Dodging        | 2 |  2.0
Evocations     | 1 2 3 4 |  4.0
Stealth        | |  6.0

Action                     |  1- 3 |  4- 6 || total
---------------------------+-------+-------++-------
  Melee: Halberd           |     4 |    28 ||    32
         Bite              |     1 |     5 ||     6
  Evoke: Wand              |       |     1 ||     1
    Use: Scroll            |       |     1 ||     1
 Armour: Leather armour    |     1 |     1 ||     2
         Chain mail        |       |     5 ||     5
         Plate armour      |       |     5 ||     5
  Dodge: Dodged            |     8 |    15 ||    23

Table legend: (Time is in decaauts)
 A = Elapsed time spent in this place.
 B = Non-inter-level travel time spent in this place.
 C = Inter-level travel time spent in this place.
 D = Time resting spent in this place.
 E = Time spent auto-exploring this place.
 F = Levels seen in this place.
 G = Mean time per level.
                   A        B        C        D        E       F      G
               +--------+--------+--------+--------+--------+-----+--------+
         Total |    587 |    587 |      0 |     73 |      7 |   4 |  146.8 |
       Dungeon |    313 |    313 |      0 |     41 |      7 |   3 |  104.3 |
        Bailey |    274 |    274 |      0 |     32 |      0 |   1 |  274.0 |
               +--------+--------+--------+--------+--------+-----+--------+

Top non-repeatable levels by time:
  Bailey: 274 daAuts
     D:6: 207 daAuts
     D:7: 104 daAuts
     D:5: 1 daAuts
